 Dungeon Crawl Stone Soup version 0.30-a0-172-gc5509c9e31 (webtiles) character file.

Game seed: 7418091735647586558

3185 qw the Cleaver (level 9, 0/53 HPs)
             Began as a Gargoyle Fighter on Oct 1, 2022.
             Slain by a wight
             ... wielding a +2 dagger
              (7 damage)
             ... on level 8 of the Dungeon.
             The game lasted 00:02:35 (6649 turns).

qw the Cleaver (Gargoyle Fighter)                   Turns: 6649, Time: 00:02:35

Health: 0/53       AC: 22    Str: 24    XL:     9   Next: 95%
Magic:  9/9        EV:  8    Int:  9    God:
Gold:   256        SH:  4    Dex:  9    Spells: 8/8 levels left

rFire   + . .      SeeInvis .    Y - +2 war axe (venom)
rCold   . . .      Faith    .    c - +0 buckler
rNeg    + . .      Spirit   .    k - +3 chain mail {rF+}
rPois   inf        Reflect  .    (no helmet)
rElec   +          Harm     .    (no cloak)
rCorr   +          Rampage  .    (no gloves)
Will    .....      Clarity  +    (no boots)
Stlth   ..........               l - amulet of the acrobat
HPRegen 0.28/turn                b - +4 ring of protection
MPRegen 0.11/turn                f - ring of resist corrosion

@: no status effects
A: sickness immunity, AC +6, negative energy resistance 1, electricity
resistance, torment resistance 1, petrification resistance, clarity, frail 1
a: no special abilities


You were on level 8 of the Dungeon.
You visited 2 branches of the dungeon, and saw 9 of its levels.

You collected 436 gold pieces.
You spent 180 gold pieces at shops.


Innate Abilities, Weirdness & Mutations

You are immune to sickness and miasma.
Your stone body is resilient. (AC +6)
You are immune to poison.
You resist negative energy. (rN+)
You are resistant to electric shocks. (rElec)
You are resistant to unholy torment.
You are immune to petrification.
You possess an exceptional clarity of mind.
You are frail. (-10% HP)


   Skills:
 - Level 8.0 Fighting
 + Level 10.2 Axes
 - Level 4.1 Armour
 - Level 1.5 Dodging
 - Level 5.0 Shields


You had 8 spell levels left.
You didn't know any spells.
Your spell library was empty.

Inventory:

Hand Weapons
 n - a +0 morningstar
 Y - a +2 war axe of venom (weapon)
Armour
 a - a +0 plate armour
 c - a +0 buckler (worn)
 k - a +3 chain mail of fire resistance (worn)
Jewellery
 b - a +4 ring of protection (left hand)
 f - a ring of resist corrosion (right hand)
 l - an amulet of the acrobat (around neck)
Scrolls
 j - 7 scrolls of identify
Potions
 d - 4 potions of might
 e - 2 potions of curing
 g - a potion of lignification
 i - a potion of resistance {unknown}
 m - 2 potions of attraction

Dungeon Overview and Level Annotations

Branches:
Dungeon (8/15)             Temple (1/1) D:5
   Lair: D:8-11

Altars:
Ashenzari
Cheibriados
Dithmenos
Elyvilon
Fedhas
Gozag
Hepliaklqana
Kikubaaqudgha
Makhleb
Nemelex Xobeh
Qazlal
Ru
Sif Muna
Vehumet
Wu Jian
Xom
Yredelemnul
Zin
The Shining One

Shops:
D:6 [*   D:7 =

Annotations:
D:4 1 runed translucent door, qw's ghost, amateur GrFi
D:7 1 transporter, qw's ghost, novice GrFi


Message History

You hit the wight. The wight closely misses you.
The wight barely misses you. x2
You hit the wight but do no damage.
The wight is heavily damaged.
You hit the wight.
The wight hits you but does no damage. x2
You slice the wight!!
You destroy the wight!
You hit the wight but do no damage. You block the wight's attack.
The wight hits you from afar with a +0 halberd!
A wight comes into view. It is wielding a +2 dagger.
You barely miss the wight.
The wight is heavily damaged.
The wight barely misses you.
The wight hits you with a +0 battleaxe of freezing.
The wight freezes you.
You slash the wight!
You destroy the wight!
The wight hits you but does no damage. The wight misses you.
You barely miss the wight. The wight hits you but does no damage.
You hit the wight.
The wight is lightly damaged.
A wight comes into view. It is wielding a +0 mace.
The wight closely misses you.
You slash the wight!
The wight is severely damaged.
The wight closely misses you.
A wight comes into view. It is wielding a +0 long sword.
A wight comes into view. It is wielding a +3 battleaxe.
You hit the wight but do no damage.
The wight is severely damaged.
The wight hits you with a +0 halberd.
You hit the wight but do no damage.
The wight is severely damaged.
You slash the wight! The wight hits you with a +2 dagger!
You die...

....# ##### ....#
#.....# #####
#.....######### #
#..........$... ###
###...<.......... ..#
#................
#.######................
#.##.............z......
#)##......z.z..z@.......
.)))..........%?)....>..
####.....)z.............
#.....#####..........
#.....# #..........
......... #####......
........## ......
.........# ......
####..... :...


You could see 5 wights.

Vanquished Creatures
  An orc warrior (D:8)
  2 ice beasts (D:7)
  A sky beast (D:7)
  A centaur (D:6)
  4 ogres
  A phantom (D:6)
  A kobold brigand (D:7)
  Blork the orc (D:4)
  3 bullfrogs
  A gnoll sergeant (D:7)
  2 necrophages
  15 wights
  A killer bee (D:7)
  4 howler monkeys
  8 hounds
  4 jellies
  An orc priest (D:7)
  3 iguanas
  Ijyb (D:4)
  7 orc wizards
  4 adders
  4 shadow imps
  2 white imps
  An ufetubus (D:4)
  A worm (D:4)
  3 dart slugs
  19 orcs
  4 bats
  2 endoplasms
  5 giant cockroaches
  5 goblins
  4 hobgoblins
  5 jackals
  6 kobolds
  A quokka (D:1)
  9 ball pythons
  2 frilled lizards
  4 rats
143 creatures vanquished.

Vanquished Creatures (others)
  A plant (D:5)
1 creature vanquished.

Grand Total: 144 creatures vanquished

Notes
Turn   | Place    | Note
-------+----------+-------------------------------------------
     0 | D:1      | qw the Gargoyle Fighter began the quest for the Orb.
     0 | D:1      | Reached XP level 1. HP: 14/14 MP: 1/1
     0 | D:1      | 0 ||| qw: Version: 0.2-a-13-gfc7b4b4
     0 | D:1      | 0 ||| qw: Game counter: 1814
     0 | D:1      | 0 ||| qw: Always use a shield: true
     0 | D:1      | 0 ||| qw: God list: Okawaru
     0 | D:1      | 0 ||| qw: Allow faded altars: false
     0 | D:1      | 0 ||| qw: Do Orc after D:15 true
     0 | D:1      | 0 ||| qw: Do second Lair branch before Depths: true
     0 | D:1      | 0 ||| qw: Lair rune preference: random
     0 | D:1      | 0 ||| qw: Plans: Normal, Zot:1-4, God:TSO, Crypt, Tomb,
                  | Pan, Slime:5, Hells, Abyss, Orb
     0 | D:1      | 0 ||| PLANNING D:1-11
    58 | D:1      | Reached skill level 2 in Axes
   158 | D:1      | Reached XP level 2. HP: 19/19 MP: 2/2
   804 | D:1      | Reached skill level 3 in Axes
   992 | D:1      | 992 ||| UPGRADING to amulet of the acrobat.
   997 | D:1      | 997 ||| READING scroll labelled KANITH JELA.
  1007 | D:1      | 1007 ||| READING 2 scrolls labelled MIHEKE TYEZA.
  1008 | D:1      | 1008 ||| READING 3 scrolls labelled MAOH GUKAQAUWN.
  1009 | D:1      | 1009 ||| READING 2 scrolls labelled KAYCAIL AHU.
  1010 | D:1      | 1010 ||| READING scroll labelled YMEDAT SICATTE.
  1011 | D:1      | 1011 ||| DRINKING 2 murky black potions.
  1012 | D:1      | 1012 ||| DROPPING potion of brilliance.
  1013 | D:1      | 1013 ||| DROPPING scroll of immolation.
  1014 | D:1      | 1014 ||| DROPPING 2 scrolls of poison.
  1156 | D:2      | 1156 ||| Stepping ~*~*~tactically~*~*~ (stealth).
  1168 | D:2      | Reached XP level 3. HP: 17/23 MP: 3/3
  1170 | D:2      | 1170 ||| FLEEEEING.
  1172 | D:2      | 1172 ||| FLEEEEING.
  1202 | D:2      | 1202 ||| Stepping ~*~*~tactically~*~*~ (stealth).
  1327 | D:2      | 1327 ||| UPGRADING to +0 plate armour.
  1343 | D:2      | 1343 ||| UPGRADING to +0 plate armour.
  1353 | D:2      | 1353 ||| DROPPING +0 scale mail.
  1358 | D:2      | 1358 ||| Stepping randomly (stuck).
  1360 | D:2      | 1360 ||| Stepping randomly (stuck).
  1430 | D:2      | Found an opulent altar of Gozag.
  1522 | D:2      | 1522 ||| DROPPING +0 club.
  2079 | D:3      | Found a shimmering altar of Xom.
  2081 | D:3      | Found a shimmering altar of Xom.
  2082 | D:3      | Found a shimmering altar of Xom.
  2083 | D:3      | Found a shimmering altar of Xom.
  2110 | D:3      | Reached XP level 4. HP: 28/28 MP: 4/4
  2505 | D:3      | Found a faded altar of an unknown god.
  2531 | D:3      | 2531 ||| Stepping ~*~*~tactically~*~*~ (stealth).
  2809 | D:3      | Reached skill level 4 in Axes
  2832 | D:3      | 2832 ||| READING 2 scrolls labelled DAQ ZYGOLEIZE.
  2836 | D:3      | 2836 ||| READING scroll labelled LOMEKUKHLAPPA.
  2836 | D:3      | Identified a scroll of acquirement
  2836 | D:3      | 2836 ||| ACQUIRING +2 war axe of venom
  2836 | D:3      | Acquired a +2 war axe of venom
  2838 | D:3      | 2838 ||| SWAPPING to +2 war axe of venom.
  2839 | D:3      | 2839 ||| DROPPING +1 war axe.
  2840 | D:3      | 2840 ||| DRINKING 2 clear potions.
  2841 | D:3      | 2841 ||| DRINKING 2 golden potions.
  2842 | D:3      | 2842 ||| DRINKING 2 viscous yellow potions.
  2842 | D:3      | Gained mutation: You have hidden genetic potential. [potion
                  | of mutation]
  2842 | D:3      | Gained mutation: Armour fits poorly on your strangely
                  | shaped body. [potion of mutation]
  2842 | D:3      | Gained mutation: You are frail. (-10% HP) [potion of
                  | mutation]
  2843 | D:3      | 2843 ||| DRINKING potion of mutation.
  2843 | D:3      | Lost mutation: You have hidden genetic potential. [potion
                  | of mutation]
  2843 | D:3      | Lost mutation: Armour fits poorly on your strangely shaped
                  | body. [potion of mutation]
  2843 | D:3      | Gained mutation: You have sharp toenails. [potion of
                  | mutation]
  2843 | D:3      | Gained mutation: You are strong-willed. (Will+) [potion of
                  | mutation]
  2844 | D:3      | 2844 ||| READING 4 scrolls of identify.
  2844 | D:3      | 2844 ||| IDENTIFYING pink potion
  2845 | D:3      | 2845 ||| READING 3 scrolls of identify.
  2845 | D:3      | 2845 ||| IDENTIFYING coppery potion
  2846 | D:3      | 2846 ||| DROPPING potion of invisibility.
  2847 | D:3      | 2847 ||| DROPPING potion of ambrosia.
  3132 | D:4      | Noticed Blork the orc
  3133 | D:4      | 3133 ||| Stepping ~*~*~tactically~*~*~ (hiding).
  3137 | D:4      | Killed Blork the orc
  3138 | D:4      | Reached XP level 5. HP: 28/28 MP: 5/5
  3240 | D:4      | 3240 ||| DROPPING +0 whip.
  3294 | D:4      | Reached skill level 5 in Axes
  3622 | D:4      | Reached XP level 6. HP: 34/34 MP: 6/6
  3629 | D:4      | Noticed Ijyb
  3636 | D:4      | 3636 ||| DRINKING potion of curing.
  3636 | D:4      | 3636 ||| (to cure confusion)
  3637 | D:4      | Killed Ijyb
  3733 | D:4      | Found a runed translucent door.
  3733 | D:4      | Noticed qw's ghost (amateur GrFi)
  3840 | D:4      | 3840 ||| UPGRADING to +4 ring of protection.
  3841 | D:4      | 3841 ||| READING scroll labelled MOBAFESOEH.
  3842 | D:4      | 3842 ||| READING scroll labelled QAXAMU XOSHO.
  3843 | D:4      | 3843 ||| READING 2 scrolls of identify.
  3843 | D:4      | 3843 ||| IDENTIFYING amethyst potion
  3871 | D:5      | Entered Level 5 of the Dungeon
  3954 | D:5      | HP: 8/34 [ogre/+0 giant club (26)]
  3955 | D:5      | 3955 ||| READING 2 scrolls of teleportation.
  3961 | D:5      | HP: 6/34 [howler monkey (5)]
  3962 | D:5      | 3962 ||| READING scroll of teleportation.
  3963 | D:5      | Reached skill level 6 in Axes
  3963 | D:5      | 3963 ||| DRINKING potion of heal wounds.
  4041 | D:5      | Found a shimmering blue altar of Sif Muna.
  4044 | D:5      | Reached XP level 7. HP: 38/38 MP: 7/7
  4048 | D:5      | Found an ancient bone altar of Kikubaaqudgha.
  4087 | D:5      | Found a radiant altar of Vehumet.
  4268 | D:5      | Found a burning altar of Makhleb.
  4303 | D:5      | Found a staircase to the Ecumenical Temple.
  4304 | D:5      | 4304 ||| PLANNING TEMPLE
  4305 | D:5      | 4305 ||| Stepping ~*~*~tactically~*~*~ (stealth).
  4306 | D:5      | 4306 ||| READING scroll labelled PALUASH AXZAAS.
  4312 | D:5      | 4312 ||| READING 2 scrolls of identify.
  4312 | D:5      | 4312 ||| IDENTIFYING fuming brown potion
  4313 | D:5      | 4313 ||| DROPPING potion of degeneration.
  4316 | D:5      | 4316 ||| FLEEEEING.
  4328 | D:5      | 4328 ||| FLEEEEING.
  4329 | D:5      | 4329 ||| FLEEEEING.
  4330 | D:5      | 4330 ||| FLEEEEING.
  4331 | D:5      | 4331 ||| FLEEEEING.
  4332 | D:5      | 4332 ||| FLEEEEING.
  4333 | D:5      | 4333 ||| FLEEEEING.
  4334 | D:5      | 4334 ||| FLEEEEING.
  4335 | D:5      | 4335 ||| FLEEEEING.
  4336 | D:5      | 4336 ||| FLEEEEING.
  4337 | D:5      | 4337 ||| FLEEEEING.
  4338 | D:5      | 4338 ||| FLEEEEING.
  4339 | D:5      | 4339 ||| FLEEEEING.
  4340 | D:5      | 4340 ||| FLEEEEING.
  4341 | D:5      | 4341 ||| FLEEEEING.
  4342 | D:5      | 4342 ||| FLEEEEING.
  4343 | D:5      | 4343 ||| FLEEEEING.
  4344 | D:5      | 4344 ||| FLEEEEING.
  4345 | D:5      | 4345 ||| FLEEEEING.
  4346 | D:5      | 4346 ||| FLEEEEING.
  4347 | D:5      | 4347 ||| STAIRDANCE
  4434 | Temple   | Entered the Ecumenical Temple
  4544 | Temple   | 4544 ||| PLANNING D:1-11
  4718 | D:6      | Reached skill level 7 in Axes
  4861 | D:6      | Found a glowing golden altar of the Shining One.
  4863 | D:6      | Found a broken altar of Ashenzari.
  4864 | D:6      | Found a snail-covered altar of Cheibriados.
  4865 | D:6      | Found a white marble altar of Elyvilon.
  4865 | D:6      | Found a basalt altar of Yredelemnul.
  5016 | D:6      | Found an opulent altar of Gozag.
  5020 | D:6      | Found Gozag's Platinum Reserve.
  5029 | D:6      | 5029 ||| SHOPLISTING +9 whip of Certain Death {drain, Drain
                  | rN+ rCorr} (6070 gold, have 286).
  5029 | D:6      | 5029 ||| SHOPLISTING amulet of Jupuff {Acrobat Will++
                  | Dex+6} (6360 gold, have 286).
  5067 | D:6      | Reached skill level 1 in Dodging
  5105 | D:6      | Reached XP level 8. HP: 44/44 MP: 8/8
  5115 | D:6      | 5115 ||| Stepping ~*~*~tactically~*~*~ (stealth).
  5172 | D:6      | 5172 ||| Stepping ~*~*~tactically~*~*~ (stealth).
  5216 | D:6      | 5216 ||| Stepping ~*~*~tactically~*~*~ (stealth).
  5217 | D:6      | 5217 ||| Stepping ~*~*~tactically~*~*~ (stealth).
  5221 | D:6      | 5221 ||| Stepping ~*~*~tactically~*~*~ (stealth).
  5223 | D:6      | 5223 ||| Stepping ~*~*~tactically~*~*~ (hiding).
  5224 | D:6      | 5224 ||| Stepping ~*~*~tactically~*~*~ (hiding).
  5356 | D:6      | Reached skill level 8 in Axes
  5397 | D:6      | Found Vegewny's Antique Armour Shoppe.
  5408 | D:6      | 5408 ||| BUYING glowing chain mail (180 gold).
  5408 | D:6      | Bought a glowing chain mail for 180 gold pieces
  5408 | D:6      | 5408 ||| SHOPLISTING shiny acid dragon scales (1032 gold,
                  | have 153).
  5522 | D:6      | 5522 ||| UPGRADING to +3 chain mail of fire resistance.
  5532 | D:6      | 5532 ||| UPGRADING to ring of resist corrosion.
  5533 | D:6      | 5533 ||| READING scroll labelled EHEPTECHAMP.
  5534 | D:6      | 5534 ||| READING scroll labelled HOM USARRAUT.
  5563 | D:7      | Found Gaygebb's Jewellery Boutique.
  5565 | D:7      | 5565 ||| Stepping ~*~*~tactically~*~*~ (hiding).
  5568 | D:7      | 5568 ||| STAIRDANCE
  5676 | D:7      | Reached skill level 6 in Fighting
  5676 | D:7      | 5676 ||| Stepping ~*~*~tactically~*~*~ (stealth).
  5678 | D:7      | 5678 ||| STAIRDANCE
  5727 | D:7      | 5727 ||| SHOPLISTING +6 ring of dexterity (504 gold, have
                  | 165).
  5727 | D:7      | 5727 ||| SHOPLISTING amulet of regeneration (420 gold, have
                  | 165).
  5727 | D:7      | 5727 ||| SHOPLISTING ring of fire (350 gold, have 165).
  5727 | D:7      | 5727 ||| SHOPLISTING ring of see invisible (210 gold, have
                  | 165).
  5727 | D:7      | 5727 ||| SHOPLISTING ring of willpower (350 gold, have
                  | 165).
  5736 | D:7      | Reached XP level 9. HP: 48/49 MP: 9/9
  5786 | D:7      | 5786 ||| Stepping ~*~*~tactically~*~*~ (hiding).
  5791 | D:7      | Reached skill level 9 in Axes
  5808 | D:7      | 5808 ||| READING scroll of teleportation.
  5812 | D:7      | 5812 ||| Stepping ~*~*~tactically~*~*~ (stealth).
  5848 | D:7      | 5848 ||| Stepping ~*~*~tactically~*~*~ (stealth).
  5852 | D:7      | 5852 ||| Stepping ~*~*~tactically~*~*~ (hiding).
  5866 | D:7      | 5866 ||| Stepping ~*~*~tactically~*~*~ (stealth).
  5981 | D:7      | 5981 ||| Stepping ~*~*~tactically~*~*~ (hiding).
  5982 | D:7      | 5982 ||| Stepping ~*~*~tactically~*~*~ (hiding).
  6115 | D:7      | 6115 ||| Stepping ~*~*~tactically~*~*~ (stealth).
  6119 | D:7      | 6119 ||| Stepping ~*~*~tactically~*~*~ (hiding).
  6144 | D:7      | 6144 ||| Stepping ~*~*~tactically~*~*~ (stealth).
  6271 | D:7      | 6271 ||| Stepping ~*~*~tactically~*~*~ (hiding).
  6309 | D:7      | Found a transporter.
  6310 | D:7      | Noticed qw's ghost (novice GrFi)
  6311 | D:7      | Identified the +7 dire flail of Dung {venom, Str+4}
  6311 | D:7      | Noticed a two-headed ogre
  6427 | D:7      | Reached skill level 10 in Axes
  6492 | D:7      | 6492 ||| READING 8 scrolls of identify.
  6492 | D:7      | 6492 ||| IDENTIFYING black potion
  6530 | D:8      | 6530 ||| DRINKING potion of mutation.
  6530 | D:8      | Lost mutation: You have sharp toenails. [potion of
                  | mutation]
  6530 | D:8      | Lost mutation: You are strong-willed. (Will+) [potion of
                  | mutation]
  6530 | D:8      | Gained mutation: You possess an exceptional clarity of
                  | mind. [potion of mutation]
  6566 | D:8      | 6566 ||| Stepping ~*~*~tactically~*~*~ (hiding).
  6567 | D:8      | 6567 ||| Stepping ~*~*~tactically~*~*~ (hiding).
  6568 | D:8      | 6568 ||| Stepping ~*~*~tactically~*~*~ (hiding).
  6576 | D:8      | 6576 ||| Stepping ~*~*~tactically~*~*~ (stealth).
  6583 | D:8      | 6583 ||| Stepping ~*~*~tactically~*~*~ (hiding).
  6642 | D:8      | HP: 12/53 [wight/+0 battleaxe of freezing (3)]
  6648 | D:8      | HP: 6/53 [wight/+0 halberd (6)]
  6649 | D:8      | Slain by a wight

Levels and vault maps discovered:
D:1:      dpeg_arrival_central, layout_loops_corners, grunt_decor_junction,
          corexii_hall_statues_l
D:2:      layout_basic, basic_altar, minmay_misc_feat_encased, wad_orctagon
D:3:      layout_basic, xom_redecorated, hellmonk_ecumenical_altar_heavens_door,
          minmay_misc_feat_tiny
D:4:      layout_cave_pods, ebering_ghost_sewer_d, minivault_5, uniq_ijyb,
          uniq_blork_the_orc
D:5:      layout_cave_pools, palyth_temple_overflow_mages,
          mainiacjoe_overflow_alcove_1, minmay_temple_entry_overgrown,
          minivault_4, skrybe_limestone_x, minivault_11
D:6:      layout_loops_ring, grunt_temple_overflow_open,
          nicolae_gozag_zags_fifth_avenue, serial_shops,
          nicolae_shop_hallway_stairs, kennysheep_crisscross,
          minmay_fractal_squares_diagonal_5
D:7:      layout_rooms, gammafunk_ghost_smash, serial_shops,
          nicolae_square_shop, reono_crystal_passage, minmay_starry_boxes
D:8:      kennysheep_steamy, layout_basic
Temple:   nicolae_temple_two_arcs

Skill      XL: |  1  2  3  4  5  6  7  8  9 |
---------------+----------------------------+-----
Axes           | 2 3 4 5 6 7 8 10 | 10.2
Fighting       | 4 5 6 8 |  8.0
Dodging        | 1 |  1.5
Armour         | 4 |  4.1
Shields        | 5 |  5.0

Action                   |  1- 3 |  4- 6 |  7- 9 || total
-------------------------+-------+-------+-------++-------
Melee: War axe           |   130 |    65 |   235 ||   430
       Kick              |       |     8 |    57 ||    65
Throw: Boomerang         |       |       |     6 ||     6
  Use: Scroll            |     5 |     9 |     6 ||    20
       Potion            |     1 |     6 |     1 ||     8
Armor: Scale mail        |    50 |       |       ||    50
       Plate armour      |    40 |    35 |    45 ||   120
       Chain mail        |       |       |    78 ||    78
Dodge: Dodged            |    53 |    21 |    90 ||   164
Block: Buckler           |    20 |     8 |    37 ||    65

Table legend:
 A = Non-vault XP
 B = Vault XP
 C = Vault XP percentage of total XP
 D = Non-vault monster count
 E = Vault monster count
 F = Vault count percentage of total count
                 A         B        C        D         E       F
            +---------+---------+-------+---------+---------+-------
      Total |    3449 |    1101 |  24.2 |     123 |      20 |  14.0
            +---------+---------+-------+---------+---------+-------
        D:1 |      31 |       0 |   0.0 |      17 |       0 |   0.0
        D:2 |      38 |      12 |  24.0 |      18 |       4 |  18.2
        D:3 |      18 |       0 |   0.0 |       9 |       0 |   0.0
        D:4 |     195 |     125 |  39.1 |      10 |       2 |  16.7
        D:5 |     283 |     106 |  27.2 |       9 |       3 |  25.0
        D:6 |     589 |     563 |  48.9 |      13 |       7 |  35.0
        D:7 |    1519 |     295 |  16.3 |      29 |       4 |  12.1
        D:8 |     776 |       0 |   0.0 |      18 |       0 |   0.0
            +---------+---------+-------+---------+---------+-------
